[Event "Titled Tuesday Blitz July 25 Late 2023"]
[White "De Souza, Cristiano Gomes"]
[Black "Graif, William"]
[WhiteFideId "2151758"]
[BlackFideId "2609835"]
[WhiteElo "2222"]
[BlackElo "2545"]
[Result "0-1"]
[Round "1"]
[TimeControl "180+2"]
[Date "2023.07.25"]
[WhiteClock "0:00:29"]
[BlackClock "0:00:16"]
[Board "167"]

1. d4 Nf6 2. c4 e5 3. Nf3 exd4 4. Nxd4 Nc6 5. Nxc6 bxc6 6. g3 d5 7. Bg2 Be6 8. O-O Be7 9. Qa4 Qd7 10. Nd2 O-O 11. cxd5 cxd5 12. Qxd7 Nxd7 13. e4 d4 14. e5 Rab8 15. f4 Nb6 16. f5 Bd5 17. f6 Bc5 18. Ne4 Bxe4 19. Bxe4 Nc4 20. b3 Nxe5 21. fxg7 Rfe8 22. Bd5 Rbd8 23. Bc4 Nxc4 24. bxc4 d3+ 25. Kg2 d2 26. Bb2 Bb4 27. Rad1 Re1 28. Rfxe1 dxe1=N+ 0-1


[Site "https://www.chess.com"]

[Event "Titled Tuesday Blitz July 25 Late 2023"]
[White "Przybylski, Wojciech"]
[Black "Alexikov, Alexander"]
[WhiteFideId "1117599"]
[BlackFideId "14103958"]
[WhiteElo "2544"]
[BlackElo "2217"]
[Result "0-1"]
[Round "1"]
[TimeControl "180+2"]
[Date "2023.07.25"]
[WhiteClock "0:00:14"]
[BlackClock "0:00:34"]
[Board "168"]

1. e4 c5 2. Nf3 d6 3. Bc4 Nc6 4. O-O Nf6 5. Re1 e6 6. c3 Be7 7. a4 O-O 8. Bb3 Na5 9. Bc2 c4 10. Qe2 Qc7 11. Na3 a6 12. Rb1 b6 13. d4 cxd3 14. Bxd3 Nb3 15. Bf4 e5 16. Bg5 Be6 17. c4 Rac8 18. h3 Nh5 19. Be3 Nf4 20. Bxf4 exf4 21. Bc2 Nc5 22. b4 Nd7 23. Bd3 Ne5 24. Rec1 Bf6 25. Nd4 Rfe8 26. Qd2 g5 27. Bf1 h6 28. Nf5 Bxf5 29. exf5 f3 30. g4 h5 31. gxh5 Kg7 32. h6+ Kxh6 33. c5 dxc5 34. Bxa6 Rcd8 35. Qc2 Nd3 36. Bxd3 Qf4 37. Re1 Bd4 38. Nb5 Qg3+ 0-1


[Site "https://www.chess.com"]

[Event "Titled Tuesday Blitz July 25 Late 2023"]
[White "Ardila, Oscar Humberto"]
[Black "ElDivis"]
[WhiteFideId "4404742"]
[WhiteElo "2217"]
[BlackElo "2542"]
[Result "1-0"]
[Round "1"]
[TimeControl "180+2"]
[Date "2023.07.25"]
[WhiteClock "0:00:41"]
[BlackClock "0:00:06"]
[Board "169"]

1. d4 Nf6 2. c4 e6 3. Nc3 Bb4 4. Bd2 O-O 5. Nf3 d5 6. e3 b6 7. cxd5 exd5 8. Bd3 Bb7 9. O-O a6 10. Rc1 Bd6 11. Ne5 Nbd7 12. f4 Ne4 13. Nxe4 dxe4 14. Bc4 Nf6 15. Be1 Nd5 16. Bf2 c5 17. dxc5 Bxc5 18. Qe2 f6 19. Bxd5+ Bxd5 20. Nc4 b5 21. Nd2 Qb6 22. Nb3 Bxb3 23. axb3 Rad8 24. Rfd1 Rxd1+ 25. Rxd1 Rd8 26. h3 Rd6 27. Kh2 Qd8 28. Rc1 Bb6 29. Qg4 Qd7 30. f5 Rd2 31. Bg3 Rxb2 32. Qxe4 Rxb3 33. Qa8+ Kf7 34. Rc8 Rxe3 35. Rf8+ Ke7 36. Rg8 Rxg3 37. Qf8# 1-0


[Site "https://www.chess.com"]

[Event "Titled Tuesday Blitz July 25 Late 2023"]
[White "Jaskolka, Tomasz"]
[Black "Martynenko, Ivan"]
[WhiteFideId "1170791"]
[BlackFideId "2053179"]
[WhiteElo "2540"]
[BlackElo "2217"]
[Result "1-0"]
[Round "1"]
[TimeControl "180+2"]
[Date "2023.07.25"]
[WhiteClock "0:00:09"]
[BlackClock "0:00:04"]
[Board "170"]

1. e4 c5 2. Nf3 d6 3. Bb5+ Bd7 4. a4 Nc6 5. Nc3 e5 6. d3 Be7 7. O-O Nf6 8. Bg5 h6 9. Bxf6 Bxf6 10. Nd5 a6 11. Bc4 Be6 12. Qd2 Bxd5 13. Bxd5 O-O 14. c3 Rb8 15. Bxc6 bxc6 16. Qc2 Qb6 17. Rfb1 Bg5 18. h4 Be7 19. g3 f5 20. Nd2 f4 21. Nc4 Qd8 22. Kg2 Bxh4 23. gxh4 Qxh4 24. Kf1 f3 25. Ke1 Rf6 26. Ne3 Rg6 27. Rd1 Rg1+ 28. Kd2 Qxf2+ 29. Kc1 Qxe3+ 30. Kb1 f2 31. Ka2 Rf8 32. Rf1 g5 33. Qb3+ Kh8 34. Qe6 Kg7 35. Qxd6 Rf6 36. Qe7+ Kg6 37. Qe8+ Rf7 38. Qxe5 Rxf1 39. Rxf1 Qxd3 40. Qe6+ Rf6 41. Qg8+ Kh5 42. Rh1+ Kg4 43. Qc8+ Kf3 44. Rh3+ Ke2 45. Rxd3 Kxd3 46. Qh3+ Ke2 47. Qg4+ Ke1 48. Qg3 h5 49. e5 Rf4 50. Qe3+ Kd1 51. Qd3+ Kc1 52. Qf1+ Kd2 53. e6 g4 54. e7 g3 55. e8=Q 1-0


[Site "https://www.chess.com"]

[Event "Titled Tuesday Blitz July 25 Late 2023"]
[White "Chlpik, Martin"]
[Black "Fiorito, Francisco"]
[WhiteFideId "14923351"]
[BlackFideId "180165"]
[WhiteElo "2211"]
[BlackElo "2538"]
[Result "0-1"]
[Round "1"]
[TimeControl "180+2"]
[Date "2023.07.25"]
[WhiteClock "0:00:47"]
[BlackClock "0:01:18"]
[Board "171"]

1. d4 Nf6 2. Nc3 c5 3. d5 g6 4. e4 d6 5. f3 e5 6. h4 Bg7 7. Be3 a6 8. a4 Nh5 9. Nge2 h6 10. g4 Nf6 11. Qd2 Bd7 12. Ng3 h5 13. g5 Nh7 14. Ra3 O-O 15. a5 Re8 16. Nd1 Nf8 17. Rb3 Qc7 18. Rb6 Bc8 19. b4 cxb4 20. Qxb4 Nfd7 21. Qxd6 Qxd6 22. Rxd6 Bf8 23. Rf6 Nxf6 24. gxf6 Nd7 25. Bg5 Bb4+ 26. c3 Bxa5 27. Rg1 Bd8 28. Nxh5 gxh5 29. Be3+ Kh8 30. Rg5 Nxf6 31. Rf5 Bxf5 0-1


[Site "https://www.chess.com"]

[Event "Titled Tuesday Blitz July 25 Late 2023"]
[White "Ganiev, Roman"]
[Black "KSho99"]
[WhiteFideId "4131452"]
[WhiteElo "2538"]
[BlackElo "2209"]
[Result "0-1"]
[Round "1"]
[TimeControl "180+2"]
[Date "2023.07.25"]
[WhiteClock "0:00:10"]
[BlackClock "0:00:10"]
[Board "172"]

1. e4 e6 2. d4 d5 3. Nc3 Be7 4. Nf3 Nf6 5. exd5 exd5 6. Bd3 Bg4 7. h3 Bh5 8. Be3 c6 9. Qd2 Nbd7 10. g4 Bg6 11. O-O-O Qa5 12. a3 Bxd3 13. Qxd3 O-O 14. Rdg1 b5 15. Nb1 b4 16. axb4 Qxb4 17. h4 Rfb8 18. b3 a5 19. Bd2 Qb6 20. Nc3 Ba3+ 21. Kd1 c5 22. Na4 Qd6 23. dxc5 Nxc5 24. Nxc5 Bxc5 25. Rg2 a4 26. h5 axb3 27. cxb3 Ra1+ 28. Bc1 Ne4 29. Ke2 Re8 30. Be3 Rxh1 31. Nd4 Bxd4 32. Qxd4 Rb1 33. h6 Qf6 34. Qa7 Rb2+ 35. Ke1 Qc3+ 36. Kd1 Qc2+ 0-1


[Site "https://www.chess.com"]

[Event "Titled Tuesday Blitz July 25 Late 2023"]
[White "Francisco_Ferrari"]
[Black "Janaszak, Dawid"]
[BlackFideId "1119206"]
[WhiteElo "2200"]
[BlackElo "2538"]
[Result "0-1"]
[Round "1"]
[TimeControl "180+2"]
[Date "2023.07.25"]
[WhiteClock "0:00:13"]
[BlackClock "0:01:34"]
[Board "173"]

1. d4 Nf6 2. Nf3 g6 3. e3 Bg7 4. Be2 O-O 5. O-O b6 6. Nbd2 Bb7 7. c4 d6 8. b3 Nbd7 9. Bb2 e5 10. dxe5 Ng4 11. Qc2 Ndxe5 12. h3 Nxf3+ 13. Nxf3 Ne5 14. Nxe5 dxe5 15. Rfd1 Qg5 16. Bf1 Bf3 17. Rd7 c5 18. Kh2 Bc6 19. Rd6 Rac8 20. Rad1 h5 21. Qd3 Rfe8 22. f3 e4 23. Qc2 exf3 24. Bxg7 Kxg7 25. gxf3 Rxe3 26. Qb2+ Kh7 27. Qf6 Qxf6 28. Rxf6 Kg7 29. Rdd6 Bxf3 30. Rf4 Be4 31. Rd7 Bf5 32. Rxa7 Rd8 33. Kg1 Rd4 34. Kf2 Rxf4+ 35. Kxe3 Rxf1 0-1


[Site "https://www.chess.com"]

[Event "Titled Tuesday Blitz July 25 Late 2023"]
[White "Mordechai, Hanan"]
[Black "Quirke, Jeffrey"]
[WhiteFideId "2804166"]
[BlackFideId "2013029"]
[WhiteElo "2535"]
[BlackElo "2198"]
[Result "1-0"]
[Round "1"]
[TimeControl "180+2"]
[Date "2023.07.25"]
[WhiteClock "0:00:26"]
[BlackClock "0:00:00"]
[Board "174"]

1. Nf3 e6 2. b3 b6 3. Bb2 Bb7 4. c4 f5 5. d4 Nf6 6. Nc3 Bb4 7. e3 O-O 8. Be2 Ne4 9. Qc2 d6 10. O-O Bxc3 11. Bxc3 Nd7 12. b4 a5 13. a3 Nxc3 14. Qxc3 Nf6 15. c5 Bd5 16. Rfc1 Qd7 17. bxa5 Rxa5 18. cxb6 cxb6 19. Qb4 Rb8 20. Rab1 h6 21. Qxa5 bxa5 22. Rxb8+ Kh7 23. Rcc8 g5 24. Bb5 Qa7 25. a4 Bxf3 26. gxf3 g4 27. fxg4 Nxg4 28. Rh8+ Kg7 29. Rbg8+ Kf6 30. h3 Qc7 31. Rc8 Qb7 32. hxg4 Qf3 33. Rcf8+ Ke7 34. Re8+ Kf7 35. Ref8+ Ke7 36. Rfg8 fxg4 37. Bf1 d5 38. Rxh6 Qd1 39. Rgg6 Qxa4 40. Rxe6+ Kf7 41. Ref6+ Ke7 42. Ra6 Qb4 43. Ra7+ 1-0


[Site "https://www.chess.com"]

[Event "Titled Tuesday Blitz July 25 Late 2023"]
[White "Lopez Perdomo, Juan David"]
[Black "Mattheii"]
[WhiteFideId "4405137"]
[WhiteElo "2190"]
[BlackElo "2535"]
[Result "1-0"]
[Round "1"]
[TimeControl "180+2"]
[Date "2023.07.25"]
[WhiteClock "0:00:08"]
[BlackClock "0:00:00"]
[Board "175"]

1. d4 Nf6 2. c4 e6 3. e3 b6 4. a3 Bb7 5. Nf3 d5 6. Bd3 dxc4 7. Bxc4 Be7 8. O-O O-O 9. Nc3 Nbd7 10. Re1 c5 11. d5 exd5 12. Nxd5 Nxd5 13. Bxd5 Bxd5 14. Qxd5 Nf6 15. Qf5 g6 16. Qc2 Qc7 17. b3 Rfe8 18. Bb2 Rad8 19. Rad1 Qc6 20. Qc3 Qe6 21. Ng5 Qg4 22. Nf3 Rxd1 23. Rxd1 Rd8 24. Rxd8+ Bxd8 25. h3 Qe4 26. Nd2 Qe6 27. g4 h6 28. f3 Kf8 29. Ne4 Nxe4 30. fxe4 f6 31. Qd3 Ke7 32. b4 cxb4 33. axb4 Bc7 34. b5 h5 35. Ba3+ Bd6 36. gxh5 gxh5 37. e5 Qxe5 38. Bxd6+ Qxd6 39. Qh7+ Ke6 40. Qxh5 Qg3+ 41. Kf1 Qxe3 42. Qe8+ Kf5 43. Qxe3 1-0


[Site "https://www.chess.com"]

[Event "Titled Tuesday Blitz July 25 Late 2023"]
[White "Martins, Bruno Andre Leite"]
[Black "Winslow, Elliott"]
[WhiteFideId "1942255"]
[BlackFideId "2002523"]
[WhiteElo "2535"]
[BlackElo "2176"]
[Result "1-0"]
[Round "1"]
[TimeControl "180+2"]
[Date "2023.07.25"]
[WhiteClock "0:01:03"]
[BlackClock "0:00:48"]
[Board "176"]

1. e4 c5 2. Nf3 d6 3. d4 cxd4 4. Nxd4 Nf6 5. Nc3 g6 6. Be3 Nc6 7. f3 Bg7 8. Qd2 O-O 9. O-O-O d5 10. Qe1 e5 11. Nxc6 bxc6 12. Bc5 d4 13. Na4 Re8 14. Bc4 Nd7 15. Ba3 Nb6 16. Bb3 Nxa4 17. Bxa4 Qb6 18. Qb4 Bb7 19. Bb3 Bf8 20. Qxb6 axb6 21. Bxf8 Kxf8 22. c3 c5 23. cxd4 cxd4 24. Kb1 Rec8 25. h4 Ke7 26. h5 g5 27. h6 f6 28. Rc1 Rxc1+ 29. Rxc1 Kd6 30. a3 Bc6 31. g4 Rg8 32. Bxg8 1-0


[Site "https://www.chess.com"]

[Event "Titled Tuesday Blitz July 25 Late 2023"]
[White "Vila Dupla, Aurelio"]
[Black "Martinez Reyes, Pedro Ramon"]
[WhiteFideId "2203383"]
[BlackFideId "3901807"]
[WhiteElo "2176"]
[BlackElo "2535"]
[Result "1-0"]
[Round "1"]
[TimeControl "180+2"]
[Date "2023.07.25"]
[WhiteClock "0:01:10"]
[BlackClock "0:01:40"]
[Board "177"]

1. Nf3 d5 2. d4 Nc6 3. c4 Bg4 4. cxd5 Bxf3 5. gxf3 Qxd5 6. e3 e5 7. Nc3 Bb4 8. Bd2 Bxc3 9. bxc3 Nge7 10. Rb1 b6 11. Bg2 O-O 12. O-O Ng6 13. f4 e4 14. Qc2 Rae8 15. c4 Qf5 16. f3 Nh4 17. fxe4 Qg4 18. Be1 Nxg2 19. Qxg2 Qxg2+ 20. Kxg2 Rxe4 21. Kf3 Rfe8 22. Bd2 f5 23. Rb5 g6 24. c5 Ne7 25. cxb6 axb6 26. Rc1 Rc8 27. Bb4 c5 28. dxc5 Nd5 29. Bd2 Kf7 30. cxb6 Rxc1 31. Bxc1 Rb4 32. Rxb4 Nxb4 33. b7 Na6 34. Bb2 Ke6 35. Be5 g5 36. b8=Q g4+ 37. Ke2 Nxb8 38. Bxb8 h6 39. a4 h5 40. a5 Kd7 41. Be5 Kc6 42. Bc3 h4 43. Kf2 Kb5 44. Bf6 h3 45. Bc3 Ka6 46. Kg3 Kb5 47. Be1 Kc5 48. Kh4 Kd5 49. a6 g3 50. Kxg3 1-0


[Site "https://www.chess.com"]

[Event "Titled Tuesday Blitz July 25 Late 2023"]
[White "Principe, Alexander"]
[Black "Oliveira, Tiago Batista"]
[WhiteFideId "3804542"]
[BlackFideId "2108291"]
[WhiteElo "2534"]
[BlackElo "2160"]
[Result "1-0"]
[Round "1"]
[TimeControl "180+2"]
[Date "2023.07.25"]
[WhiteClock "0:01:36"]
[BlackClock "0:00:00"]
[Board "178"]

1. e4 e5 2. Nf3 Nc6 3. d4 exd4 4. Nxd4 Nf6 5. Nxc6 bxc6 6. e5 Qe7 7. Qe2 Nd5 8. c4 Ba6 9. b3 Qh4 10. a3 Bc5 11. g3 Qe7 12. Bb2 O-O 13. Bg2 f6 14. O-O fxe5 15. Nd2 Rae8 16. Ne4 Nf6 17. Rad1 d6 18. Nxc5 dxc5 19. Bxc6 Rd8 20. Rfe1 Rxd1 21. Qxd1 Bc8 22. Rxe5 Qd6 23. Bd5+ Kh8 24. Qe2 Bg4 25. f3 Bd7 26. Re7 c6 27. Bf7 Bh3 28. Rxa7 Rd8 29. Re7 Qd1+ 30. Qxd1 Rxd1+ 31. Kf2 Rd2+ 32. Re2 1-0


[Site "https://www.chess.com"]

[Event "Titled Tuesday Blitz July 25 Late 2023"]
[White "Sailer, Mike"]
[Black "Santos Flores, Alberto"]
[WhiteFideId "2012901"]
[BlackFideId "3601234"]
[WhiteElo "2158"]
[BlackElo "2533"]
[Result "0-1"]
[Round "1"]
[TimeControl "180+2"]
[Date "2023.07.25"]
[WhiteClock "0:00:25"]
[BlackClock "0:01:42"]
[Board "179"]

1. d4 d5 2. Nc3 Nf6 3. Bf4 e6 4. Nb5 Bb4+ 5. c3 Ba5 6. b4 Bb6 7. a4 a5 8. Na3 axb4 9. cxb4 Nc6 10. a5 Bxd4 11. Rb1 e5 12. Bg5 Bf5 13. Bxf6 Qxf6 14. e3 Bc3+ 15. Ke2 Bxb1 16. Qxb1 Bxb4 17. Nb5 Qe7 18. Nf3 Rxa5 19. g3 Rxb5 20. Bg2 O-O 21. Rc1 Ra5 22. Kf1 Rfa8 23. Kg1 e4 24. Nh4 g6 25. Bf1 Ne5 26. Be2 c5 27. Ng2 Ra2 28. Bd1 Nd3 29. Rc2 Ra1 0-1


[Site "https://www.chess.com"]

[Event "Titled Tuesday Blitz July 25 Late 2023"]
[White "Shapiro, Viktor"]
[Black "Novikova, Margarita"]
[WhiteFideId "4175700"]
[BlackFideId "14109689"]
[WhiteElo "2531"]
[BlackElo "2156"]
[Result "0-1"]
[Round "1"]
[TimeControl "180+2"]
[Date "2023.07.25"]
[WhiteClock "0:00:10"]
[BlackClock "0:00:06"]
[Board "180"]

1. c4 c5 2. Nc3 Nc6 3. g3 Nf6 4. Bg2 d6 5. Nf3 g6 6. d3 Bg7 7. O-O O-O 8. a3 a6 9. Rb1 Rb8 10. b4 b6 11. h3 Qc7 12. e4 Nd4 13. Nxd4 cxd4 14. Ne2 Nd7 15. Bb2 e5 16. f4 b5 17. cxb5 axb5 18. Rc1 Qa7 19. f5 Bb7 20. Rc7 Rfd8 21. Qb3 d5 22. fxg6 hxg6 23. exd5 Bxd5 24. Qxd5 Qxc7 25. Qxf7+ Kh8 26. Qxg6 Nf8 27. Qh5+ Kg8 28. Be4 Rb6 29. Bc1 Qe7 30. Bg5 Qe8 31. Qg4 Rdd6 32. h4 Qd7 33. Qh5 Qa7 34. g4 Rb8 35. Bc1 Qd7 36. Rf5 Qe8 37. Qg5 Qd8 38. Qh5 Qe8 39. Rxf8+ Qxf8 40. Qh7+ Kf7 41. Bg5 Ke8 42. Qh5+ Kd7 43. Bf5+ Kc7 44. Ng3 Qe8 45. Qh7 Rd7 46. Bxd7 Qxd7 47. Nf5 Bf8 48. Qg6 Rb6 49. Qg8 Be7 50. Bxe7 e4 51. dxe4 d3 52. Qb3 d2 53. Qd1 Rc6 54. Bc5 Re6 55. Be3 Rxe4 56. Qxd2 Rxg4+ 57. Kh2 Qxf5 58. Qc3+ Kb7 59. Qh8 Qc2+ 60. Kh3 Qg2# 0-1


[Site "https://www.chess.com"]

[Event "Titled Tuesday Blitz July 25 Late 2023"]
[White "campochess"]
[Black "Musovic, Armin"]
[BlackFideId "939935"]
[WhiteElo "2152"]
[BlackElo "2529"]
[Result "1/2-1/2"]
[Round "1"]
[TimeControl "180+2"]
[Date "2023.07.25"]
[WhiteClock "0:00:41"]
[BlackClock "0:00:56"]
[Board "181"]

1. c4 e5 2. Nc3 Bb4 3. Nd5 Bc5 4. e3 c6 5. Nc3 Nf6 6. Nf3 d6 7. d4 exd4 8. Nxd4 O-O 9. Be2 Re8 10. O-O a5 11. b3 Nbd7 12. Nf5 Ne5 13. Ng3 Bg4 14. Bb2 h5 15. Nge4 Bxe2 16. Nxf6+ Qxf6 17. Qxe2 Qg6 18. Kh1 h4 19. h3 Nd3 20. Rad1 Nxb2 21. Qxb2 Re5 22. Qb1 Qe6 23. Ne2 Re8 24. Nf4 Qh6 25. Nd3 Rg5 26. Nxc5 dxc5 27. Rd7 Qe6 28. Rfd1 b5 29. R1d6 Qe4 30. Qxe4 Rxe4 31. Rxc6 bxc4 32. bxc4 Rxc4 33. Rc8+ Kh7 34. Rxf7 Rc1+ 35. Kh2 Rc2 36. a4 Ra2 37. Rf4 Kg6 38. Rc6+ Kh5 39. Rc8 Kg6 40. Rc6+ Kh5 41. Rc8 Kg6 1/2-1/2


[Site "https://www.chess.com"]

[Event "Titled Tuesday Blitz July 25 Late 2023"]
[White "Suder, Jakub"]
[Black "Osmonbekov, Talaibek"]
[WhiteFideId "1195310"]
[BlackFideId "2017253"]
[WhiteElo "2529"]
[BlackElo "2152"]
[Result "1-0"]
[Round "1"]
[TimeControl "180+2"]
[Date "2023.07.25"]
[WhiteClock "0:01:42"]
[BlackClock "0:00:00"]
[Board "182"]

1. d4 e6 2. c4 f5 3. Nc3 Bb4 4. Qc2 Nf6 5. e3 b6 6. Bd3 Bb7 7. Ne2 O-O 8. f3 Nh5 9. O-O a5 10. b3 Na6 11. a3 Bd6 12. Nb5 Rc8 13. Bb2 Rf6 14. Nxd6 cxd6 15. Qd2 Rh6 16. Qe1 Qg5 17. Qf2 Rg6 18. Kh1 Nc7 19. Rae1 Ne8 20. Bc1 e5 21. d5 Nef6 22. f4 exf4 23. exf4 Qh6 24. Bxf5 Ng4 25. Bxg4 Rxg4 26. f5 Qf6 27. Nf4 Nxf4 28. Bxf4 Qxf5 29. h3 Rg6 30. Qxb6 1-0


[Site "https://www.chess.com"]

[Event "Titled Tuesday Blitz July 25 Late 2023"]
[White "Cardenas Carbajal, Nilson"]
[Black "Garakov, Mikhael"]
[WhiteFideId "8401128"]
[BlackFideId "4169034"]
[WhiteElo "2130"]
[BlackElo "2528"]
[Result "0-1"]
[Round "1"]
[TimeControl "180+2"]
[Date "2023.07.25"]
[WhiteClock "0:00:08"]
[BlackClock "0:00:18"]
[Board "183"]

1. e4 c5 2. d4 cxd4 3. c3 g6 4. cxd4 Bg7 5. Nf3 d6 6. Bc4 Nf6 7. Qe2 O-O 8. O-O Bg4 9. h3 Bxf3 10. Qxf3 Nc6 11. Rd1 Nd7 12. Be3 Qb6 13. Qe2 Nxd4 14. Qd2 e5 15. Nc3 Nc5 16. Nd5 Qd8 17. f3 Nce6 18. Rac1 Kh8 19. a3 f5 20. b4 fxe4 21. fxe4 Qh4 22. Bd3 Rf7 23. Rf1 Rxf1+ 24. Rxf1 Rf8 25. Rxf8+ Bxf8 26. Be2 Qxe4 27. Nf6 Qf5 28. Nd7 Bg7 29. Bg4 Qf7 30. Qa2 h5 31. Bxd4 hxg4 32. Bxa7 Qxd7 33. Qd5 Nf4 34. Qe4 gxh3 35. gxh3 Qxh3 36. Bb8 d5 37. Qf3 Qxf3 0-1


[Site "https://www.chess.com"]

[Event "Titled Tuesday Blitz July 25 Late 2023"]
[White "Karamsetty, Jeevan"]
[Black "Curtis, John"]
[WhiteFideId "2025337"]
[BlackFideId "3200256"]
[WhiteElo "2528"]
[BlackElo "2124"]
[Result "1-0"]
[Round "1"]
[TimeControl "180+2"]
[Date "2023.07.25"]
[WhiteClock "0:00:35"]
[BlackClock "0:00:10"]
[Board "184"]

1. e4 c5 2. Nf3 d6 3. Bb5+ Nc6 4. O-O Bd7 5. c3 Nf6 6. Re1 e5 7. Bxc6 Bxc6 8. d4 Bxe4 9. Ng5 Bxb1 10. Rxb1 cxd4 11. cxd4 Be7 12. Qb3 O-O 13. Qxb7 Qd7 14. Qf3 h6 15. dxe5 dxe5 16. Ne4 Nxe4 17. Qxe4 Bf6 18. Be3 Qe6 19. b3 a6 20. Rbc1 Rac8 21. Qa4 Rxc1 22. Rxc1 Rc8 23. Rd1 Rd8 24. Re1 Rc8 25. h3 Rc2 26. Rd1 Bg5 27. Bxg5 hxg5 28. Qe4 g6 29. Qxc2 1-0


[Site "https://www.chess.com"]

[Event "Titled Tuesday Blitz July 25 Late 2023"]
[White "Tsukerman, Julia"]
[Black "NigelDwarf"]
[WhiteFideId "2621649"]
[WhiteElo "2114"]
[BlackElo "2526"]
[Result "0-1"]
[Round "1"]
[TimeControl "180+2"]
[Date "2023.07.25"]
[WhiteClock "0:00:12"]
[BlackClock "0:02:12"]
[Board "185"]

1. e4 c5 2. Nf3 d6 3. d4 Nf6 4. e5 dxe5 5. dxe5 Qxd1+ 6. Kxd1 Ng4 7. Ke1 Nc6 8. Bf4 g5 9. Bxg5 Ngxe5 10. Nxe5 Nxe5 11. Nc3 Bd7 12. Bf4 Ng6 13. Bg3 O-O-O 14. Bc4 e6 15. Ke2 h5 16. h3 h4 17. Bh2 Bg7 18. Rad1 Bc6 19. Rhg1 a6 20. Rd3 b5 21. Bb3 c4 22. Rxd8+ Rxd8 0-1


[Site "https://www.chess.com"]

[Event "Titled Tuesday Blitz July 25 Late 2023"]
[White "Chor, Kevin"]
[Black "Jahnz, Fabian"]
[WhiteFideId "2090740"]
[BlackFideId "4653300"]
[WhiteElo "2525"]
[BlackElo "2111"]
[Result "1-0"]
[Round "1"]
[TimeControl "180+2"]
[Date "2023.07.25"]
[WhiteClock "0:01:03"]
[BlackClock "0:01:24"]
[Board "186"]

1. e4 c6 2. d4 d5 3. exd5 cxd5 4. c4 Nf6 5. Nc3 Nc6 6. Bf4 Be6 7. c5 g6 8. Nf3 Bg7 9. Bb5 O-O 10. Bxc6 bxc6 11. Ne5 Bd7 12. O-O h6 13. Re1 Re8 14. b4 Qc8 15. Qd2 g5 16. Bg3 Nh5 17. a4 Nxg3 18. hxg3 Rb8 19. Rab1 f6 20. Nxd7 Qxd7 21. b5 e5 22. dxe5 fxe5 23. bxc6 Qxc6 24. Qxd5+ Qxd5 25. Nxd5 Rxb1 26. Rxb1 e4 27. c6 Be5 28. Rb7 a5 29. c7 e3 30. fxe3 Kf8 31. Nb6 Bxc7 32. Rxc7 Rxe3 33. Rc5 Rxg3 34. Rxa5 h5 35. Kf2 h4 36. Rf5+ Ke7 37. Rf3 Rg4 38. a5 Kd6 39. a6 h3 40. gxh3 1-0


[Site "https://www.chess.com"]

[Event "Titled Tuesday Blitz July 25 Late 2023"]
[White "Floresvillar Gonzalez, Luis Migu"]
[Black "Machidon, Cristi"]
[WhiteFideId "5100542"]
[BlackFideId "13904590"]
[WhiteElo "2100"]
[BlackElo "2524"]
[Result "1/2-1/2"]
[Round "1"]
[TimeControl "180+2"]
[Date "2023.07.25"]
[WhiteClock "0:00:06"]
[BlackClock "0:00:05"]
[Board "187"]

1. d4 Nf6 2. c3 e6 3. Bg5 c5 4. e3 b6 5. Bd3 Bb7 6. Nf3 Be7 7. Nbd2 O-O 8. O-O cxd4 9. cxd4 d6 10. Rc1 Nc6 11. a3 a6 12. Bb1 b5 13. Bxf6 Bxf6 14. Rxc6 Bxc6 15. Qc2 g6 16. Qxc6 Qb8 17. Qe4 d5 18. Qg4 Rc8 19. h4 h5 20. Qg3 Qxg3 21. fxg3 Rc7 22. e4 Rd8 23. e5 Be7 24. Ng5 Bxg5 25. hxg5 a5 26. Nb3 a4 27. Nc5 b4 28. axb4 Rc6 29. Bc2 Rb6 30. Bxa4 Rxb4 31. Rf4 Rxb2 32. g4 h4 33. Kh2 Kg7 34. Rf3 Rd2 35. Rf4 Rb8 36. Kh3 Rb4 37. Be8 Rdxd4 38. Rxf7+ Kg8 39. Nxe6 Rxg4 40. Rg7+ Kh8 41. Rxg6 Rg3+ 42. Kh2 Rb2 43. Rh6+ Kg8 44. Rxh4 Rgxg2+ 45. Kh3 Rh2+ 46. Kg4 Rbg2+ 47. Kh5 Re2 48. Rxh2 Rxh2+ 49. Kg6 Re2 50. Bf7+ Kh8 51. Nf4 Rxe5 52. Nxd5 Rxd5 53. Bxd5 1/2-1/2


[Site "https://www.chess.com"]

[Event "Titled Tuesday Blitz July 25 Late 2023"]
[White "Attacker_2006"]
[Black "Tarnowska, Aleksandra"]
[BlackFideId "1180967"]
[WhiteElo "2519"]
[BlackElo "2100"]
[Result "1-0"]
[Round "1"]
[TimeControl "180+2"]
[Date "2023.07.25"]
[WhiteClock "0:00:59"]
[BlackClock "0:01:00"]
[Board "188"]

1. e4 c5 2. Nc3 g6 3. d4 d6 4. dxc5 dxc5 5. Qxd8+ Kxd8 6. Be3 e6 7. O-O-O+ Ke8 8. Nf3 Bd7 9. Ne5 Nf6 10. Nxd7 Nfxd7 11. Nb5 Na6 12. Nd6+ Bxd6 13. Rxd6 Ke7 14. Rd2 Rhd8 15. Bxa6 bxa6 16. Rhd1 Rac8 17. e5 Ke8 18. Bg5 a5 19. Bxd8 Rxd8 20. f4 Ke7 21. c3 h5 22. h4 a4 23. Kc2 a5 24. Rd6 Ke8 25. b3 axb3+ 26. axb3 Ke7 27. Kb2 a4 28. Rxd7+ Rxd7 29. Rxd7+ Kxd7 30. bxa4 Kc6 31. Kb3 Kb6 32. Kc4 Ka5 33. Kxc5 Kxa4 34. c4 Ka5 35. Kd6 Kb6 36. c5+ Kb7 37. Kd7 Kb8 38. c6 f5 39. c7+ Ka7 40. c8=Q 1-0


[Site "https://www.chess.com"]

[Event "Titled Tuesday Blitz July 25 Late 2023"]
[White "Semenova, Alina"]
[Black "Kozusek, Daniel"]
[WhiteFideId "24113875"]
[BlackFideId "349500"]
[WhiteElo "2081"]
[BlackElo "2519"]
[Result "0-1"]
[Round "1"]
[TimeControl "180+2"]
[Date "2023.07.25"]
[WhiteClock "0:00:48"]
[BlackClock "0:01:46"]
[Board "189"]

1. e4 c5 2. Nf3 e6 3. d4 cxd4 4. Nxd4 Nf6 5. Bd3 Nc6 6. Nxc6 bxc6 7. O-O e5 8. Nc3 Bc5 9. Bg5 d6 10. Qf3 h6 11. Bh4 g5 12. h3 gxh4 13. Ne2 Rg8 14. Kh1 Be6 15. a3 Bb6 16. b4 Nh7 17. c4 Qg5 18. a4 Qf6 19. Qh5 Qg6 20. Qf3 Ng5 21. Nf4 exf4 22. Qxf4 Nxh3 23. Qf3 Nf4 24. a5 Bd4 25. Rad1 Be5 26. Rg1 Bg4 27. Qe3 Bxd1 28. g3 hxg3 29. fxg3 Qh5# 0-1


[Site "https://www.chess.com"]

[Event "Titled Tuesday Blitz July 25 Late 2023"]
[White "AyMitecK"]
[Black "Hartikainen, Jarmo"]
[BlackFideId "503134"]
[WhiteElo "2518"]
[BlackElo "2078"]
[Result "1-0"]
[Round "1"]
[TimeControl "180+2"]
[Date "2023.07.25"]
[WhiteClock "0:01:16"]
[BlackClock "0:00:00"]
[Board "190"]

1. e4 c5 2. Nf3 Nc6 3. Bb5 e6 4. O-O Nge7 5. Nc3 a6 6. Bxc6 Nxc6 7. Re1 d6 8. d4 cxd4 9. Nxd4 Be7 10. Be3 O-O 11. Nxc6 bxc6 12. Qh5 Rb8 13. b3 Bf6 14. Bd2 g6 15. Qf3 e5 16. Rad1 Be6 17. Na4 Qe7 18. c4 Bg7 19. Bc1 f5 20. Ba3 c5 21. Nc3 fxe4 22. Qe3 Rbd8 23. Nxe4 Rf4 24. Nxd6 Rd4 25. Rxd4 cxd4 26. Qe4 Rxd6 27. f4 Qd7 28. Bxd6 Qxd6 29. fxe5 Qc5 30. Qa8+ Bf8 31. Qxa6 d3+ 32. Kh1 Bf7 33. e6 Be8 34. e7 Bg7 35. Qe6+ Kh8 36. Qd5 Qxd5 37. cxd5 d2 38. Rd1 Bc3 39. Kg1 Kg7 40. Kf2 Kf7 41. Ke3 Kxe7 42. Kd3 Bb4 43. Kc4 Ba5 44. b4 Bc7 45. g3 Kd6 46. Rxd2 Bf7 47. a4 h6 48. a5 1-0


[Site "https://www.chess.com"]